 Dungeon Crawl Stone Soup version 0.30-a0-51-g784eafce7f (webtiles) character file.

Game seed: 1907863656327028029

4442 Murumi the Blocker (level 10, -10/79 HPs)
             Began as a Formicid Fighter on Sept 6, 2022.
             Was a Priest of Okawaru.
             Killed from afar by an electric eel (12 damage)
             ... with a bolt of electricity
             ... on level 8 of the Dungeon.
             The game lasted 00:29:44 (8817 turns).

Murumi the Blocker (Formicid Fighter)               Turns: 8817, Time: 00:29:44

Health: -10/79     AC: 23    Str: 21    XL:     10   Next: 63%
Magic:  0/14       EV:  7    Int: 12    God:    Okawaru [***...]
Gold:   509        SH:  9    Dex: 26    Spells: 13/15 levels left

rFire   . . .      SeeInvis +    v - +1 flail (protect)
rCold   + . .      Faith    .    c - +1 buckler
rNeg    . . .      Spirit   +    s - +0 plate armour
rPois   .          Reflect  .    (helmet unavailable)
rElec   .          Harm     .    g - +2 cloak
rCorr   .          Rampage  .    (no gloves)
Will    +....                    (no boots)
Stlth   ..........               m - amulet of guardian spirit
HPRegen 0.23/turn                t - ring "Hucwug" {rC+ Dex+7}
MPRegen 0.14/turn                x - +6 ring of dexterity

@: under a protective aura
A: permanent stasis, dig shafts and tunnels, antennae 3, four strong arms
a: Dig, Shaft Self, Renounce Religion, Heroism


You were on level 8 of the Dungeon.
You worshipped Okawaru.
Okawaru was most pleased with you.
You visited 1 branch of the dungeon, and saw 8 of its levels.

You collected 509 gold pieces.

Inventory:

Hand Weapons
 v - a +1 flail of protection (weapon)
Missiles
 f - 87 stones
 n - a throwing net
 r - 8 boomerangs (quivered)
 y - 3 curare-tipped darts
 A - 2 javelins
 C - 8 poisoned darts
Armour
 c - a +1 buckler (worn)
 g - a +2 cloak (worn)
 s - a +0 plate armour (worn)
Jewellery
 d - a ring of fire
 m - an amulet of guardian spirit (around neck)
 t - the ring "Hucwug" (left hand) {rC+ Dex+7}
   (You acquired it on level 6 of the Dungeon)

   [ring of protection from cold]

   Dex:       It affects your dexterity (+7).
   rC:        It protects you from cold.
 x - a +6 ring of dexterity (right hand)
 z - a ring of positive energy
Wands
 o - a wand of light (10)
 w - a wand of roots (24)
 B - a wand of mindburst (4)
Scrolls
 p - 3 scrolls of magic mapping
Potions
 a - a potion of heal wounds
 b - a potion of mutation
 e - 2 potions of ambrosia
 h - 3 potions of curing
 i - 2 potions of degeneration {unknown}
 j - a potion of lignification {unknown}
 k - a potion of cancellation {unknown}
 l - a potion of haste {unknown}
 q - a potion of flight {unknown}
 u - a potion of brilliance {unknown}


   Skills:
 + Level 7.2 Fighting
 - Level 6.0 Maces & Flails
 - Level 3.0 Throwing
 - Level 7.0 Armour
 - Level 2.0 Dodging
 - Level 5.0 Stealth
 - Level 10.0 Shields
 - Level 3.0 Spellcasting
 - Level 3.0 Transmutations
 - Level 4.0 Invocations
 - Level 3.0 Evocations


You had 13 spell levels left.
You knew the following spells:

 Your Spells              Type           Power      Damage    Failure   Level
a - Wereblood             Tmut           9%         N/A       94%         2

Your spell library contained the following spells:

 Spells                   Type           Power      Damage    Failure   Level
 Beastly Appendage        Tmut           18%        N/A       85%         1
 Conjure Flame            Conj/Fire      1%         6-21      100%        3
 Ignite Poison            Fire/Tmut/Pois 4%         N/A       100%        3
 Spider Form              Tmut/Pois      5%         N/A       100%        3
 Sticky Flame             Conj/Fire      1%         2d3       100%        4


Dungeon Overview and Level Annotations

Branches:
Dungeon (8/15)             Temple (0/1) D:7
   Lair: D:8-11

Altars:
Ashenzari
Hepliaklqana
Okawaru
Sif Muna
Vehumet
Yredelemnul

Shops:
D:5 [


Innate Abilities, Weirdness & Mutations

You cannot be hasted, slowed, berserked, paralysed or teleported.
You can dig through walls and to a lower floor.
You have a pair of large antennae on your head. (SInv)
Your four strong arms can wield two-handed weapons with a shield.


Message History

The bolt of electricity hits you.
The electric eel shoots out a bolt of lightning at you!
The bolt of electricity hits you! x2
You miss the electric eel.
The electric eel shoots out a bolt of lightning at you!
The bolt of electricity hits you! x2
You hit the electric eel but do no damage.
Your weapon exudes an aura of protection.
The electric eel shoots out a bolt of lightning at you!
The bolt of electricity hits you! The bolt of electricity hits you.
You are too injured to fight recklessly!
You hit the electric eel.
The electric eel is moderately wounded.
The electric eel shoots out a bolt of lightning at you!
The bolt of electricity hits you. The bolt of electricity misses you.
You hit the electric eel.
The electric eel is moderately wounded.
You miss the electric eel.
The electric eel is moderately wounded.
The electric eel shoots out a bolt of lightning at you!
The bolt of electricity hits you!
* * * LOW HITPOINT WARNING * * *
The bolt of electricity hits you!
* * * LOW HITPOINT WARNING * * *
You miss the electric eel.
The electric eel is moderately wounded.
The electric eel shoots out a bolt of lightning at you!
The bolt of electricity hits you.
* * * LOW HITPOINT WARNING * * *
The bolt of electricity hits you!
* * * LOW HITPOINT WARNING * * *
Aiming: Mindburst
Press: ? - help, Shift-Dir - straight line, f - electric eel
Aim: an electric eel (moderately wounded, chance to affect: 82%)
The electric eel's mind is blasted!
The electric eel shoots out a bolt of lightning at you!
The bolt of electricity hits you.
* * * LOW HITPOINT WARNING * * *
The bolt of electricity hits you!
You die...

#<.>#
#####.##..~~~?~. .#
#.##..~~~...
..#####......≈≈~..
.......#....~≈≈~.
#.8#8.....~~≈≈~. ..
#.#"#.....~≈≈≈~.
...##.8#8....S~≈~.~.
............@..~~.~.
......)<........≈...
....................
...#######..........
.. #......####
##.##### #.# #.# .#


You could see an electric eel.

Vanquished Creatures
  The ghost of Jano the Digger, a novice DsEE of Hepliaklqana (D:5)
  A troll (D:7)
  Sigmund (D:6)
  A wyvern (D:7)
  4 yaks (D:7)
  A steam dragon (D:6)
  3 water moccasins
  3 ice beasts
  An orc warrior (D:7)
  2 black bears
  A centaur (D:7)
  A wolf (D:7)
  A phantom (D:6)
  A kobold brigand (D:7)
  2 wyvern zombies (D:7)
  2 bullfrogs
  A necrophage (D:4)
  3 scorpions
  A water moccasin zombie (D:7)
  3 wights (D:7)
  3 killer bees (D:7)
  A bullfrog zombie (D:7)
  Crazy Yiuf (D:3)
  A centaur zombie (D:7)
  8 hounds
  2 orc priests (D:3)
  An iguana (D:6)
  4 orc wizards
  A statue (D:6)
  A killer bee zombie (D:7)
  2 bullfrog simulacra (D:5)
  A scorpion simulacrum (D:5)
  A howler monkey zombie (D:7)
  11 adders
  8 gnolls
  A hound simulacrum (D:5)
  A shadow imp (D:6)
  2 white imps
  3 ufetubi (D:6)
  3 dart slugs
  14 orcs
  7 ball pythons
  4 bats
  4 endoplasms
  7 giant cockroaches
  11 goblins
  8 hobgoblins
  7 jackals
  10 kobolds
  3 quokkas
  2 frilled lizards
  7 rats
174 creatures vanquished.

Notes
Turn   | Place    | Note
-------+----------+-------------------------------------------
     0 | D:1      | Murumi the Formicid Fighter began the quest for the Orb.
     0 | D:1      | Reached XP level 1. HP: 18/18 MP: 1/1
   127 | D:1      | Reached XP level 2. HP: 25/25 MP: 2/2
   402 | D:1      | Reached XP level 3. HP: 30/30 MP: 3/3
   645 | D:1      | Reached skill level 1 in Stealth
  1005 | D:2      | Reached skill level 1 in Throwing
  1024 | D:2      | Reached XP level 4. HP: 37/37 MP: 4/4
  1035 | D:2      | Reached skill level 1 in Dodging
  1216 | D:2      | Reached XP level 5. HP: 32/40 MP: 5/5
  1688 | D:3      | Noticed a water moccasin
  1693 | D:3      | Killed a water moccasin
  1694 | D:3      | Reached skill level 5 in Shields
  1694 | D:3      | Reached XP level 6. HP: 28/48 MP: 4/6
  1884 | D:3      | Reached skill level 6 in Shields
  2330 | D:3      | Reached skill level 1 in Evocations
  2686 | D:3      | Found a faded altar of an unknown god.
  2827 | D:3      | Found a runed translucent door.
  2828 | D:3      | Noticed Crazy Yiuf
  2833 | D:3      | Killed Crazy Yiuf
  2834 | D:3      | Reached XP level 7. HP: 41/54 MP: 4/7
  3093 | D:4      | Found an iron altar of Okawaru.
  3211 | D:4      | Became a worshipper of Warmaster Okawaru
  3490 | D:4      | Learned a level 2 spell: Wereblood
  3747 | D:4      | Found a shimmering blue altar of Sif Muna.
  3887 | D:4      | Reached skill level 5 in Fighting
  3995 | D:4      | Found a hazy altar of Hepliaklqana.
  4033 | D:5      | Entered Level 5 of the Dungeon
  4206 | D:5      | Found a runed translucent gate.
  4206 | D:5      | Found a runed translucent gate.
  4206 | D:5      | Found a runed translucent gate.
  4229 | D:5      | Reached skill level 1 in Transmutations
  4229 | D:5      | Reached skill level 1 in Spellcasting
  4229 | D:5      | Reached XP level 8. HP: 61/62 MP: 8/10
  4556 | D:5      | Found Waduaxez's Armour Emporium.
  4756 | D:5      | Noticed Jano's ghost (novice DsEE)
  5008 | D:5      | Killed Jano's ghost
  5009 | D:5      | Reached skill level 5 in Armour
  5010 | D:5      | Reached skill level 7 in Shields
  5335 | D:6      | Reached skill level 8 in Shields
  5444 | D:6      | Reached * piety under Okawaru
  5445 | D:6      | Reached XP level 9. HP: 19/68 MP: 4/12
  5804 | D:6      | Reached skill level 5 in Maces & Flails
  5914 | D:6      | Noticed Sigmund
  5931 | D:6      | Killed Sigmund
  6140 | D:6      | Identified a scroll of acquirement
  6140 | D:6      | Acquired the ring "Hucwug" {rC+ Dex+7}
  6298 | D:6      | Found a radiant altar of Vehumet.
  6368 | D:7      | Found a staircase to the Ecumenical Temple.
  6519 | D:7      | Reached ** piety under Okawaru
  6762 | D:7      | Reached skill level 9 in Shields
  7032 | D:7      | Found a broken altar of Ashenzari.
  7139 | D:7      | Reached XP level 10. HP: 76/77 MP: 13/13
  7175 | D:7      | Found a basalt altar of Yredelemnul.
  7343 | D:7      | Reached *** piety under Okawaru
  7683 | D:7      | Reached skill level 5 in Stealth
  8750 | D:7      | Reached skill level 10 in Shields
  8817 | D:8      | HP: 2/79 [electric eel/bolt of electricity (2)]
  8817 | D:8      | Killed from afar by an electric eel

Illustrated notes

Levels and vault maps discovered:
D:1:      dpeg_arrival_morbid_curiosity, layout_basic, minmay_tetromino_l4
D:2:      layout_loops_ring, minmay_worlds_worst_comb
D:3:      minmay_chambers_of_twos, layout_rooms,
          chequers_ecumenical_altar_grove, uniq_crazy_yiuf_cottage
D:4:      layout_loops_ring, mainiacjoe_overflow_concentric_impassable,
          marbit_many_paths, tgw_sif
D:5:      layout_loops_corners, serial_shops, nicolae_shop_statue_plus,
          gammafunk_ghost_icy
D:6:      layout_gridville, vehumet_statue, serial_demonic, serial_demonic_f,
          serial_demonic_b, serial_demonic_b, serial_demonic_d, uniq_sigmund
D:7:      layout_basic, nicolae_ashenzari_panopticon,
          nicolae_yredelemnul_corpse_copse, minmay_temple_entry_stoned_glass
D:8:      layout_loops_cross, mainiacjoe_overflow_paths, kennysheep_little_box,
          erik_lair_island, serial_park_tiny_pond, minmay_statues_item

Skill      XL: |  1  2  3  4  5  6  7  8  9 10 |
---------------+-------------------------------+-----
Fighting       | 4 5 6 7 |  7.2
Armour         | 4 5 6 7 |  7.0
Stealth        | 1 2 3 4 5 |  5.0
Throwing       | 1 2 3 |  3.0
Dodging        | 1 2 |  2.0
Maces & Flails | 3 4 5 6 |  6.0
Shields        | 5 6 8 9 10 | 10.0
Evocations     | 2 3 |  3.0
Invocations    | 2 3 4 |  4.0
Transmutations | 1 2 3 |  3.0
Spellcasting   | 1 2 3 |  3.0

Action                   |  1- 3 |  4- 6 |  7- 9 | 10-12 || total
-------------------------+-------+-------+-------+-------++-------
Melee: Flail             |    98 |   112 |   349 |   237 ||   796
Throw: Dart              |       |       |     5 |       ||     5
       Stone             |       |       |     5 |       ||     5
       Boomerang         |       |       |     3 |       ||     3
Invok: Heroism           |       |       |     2 |       ||     2
 Abil: Dig               |       |     3 |     2 |     1 ||     6
Evoke: Wand              |       |       |       |     1 ||     1
  Use: Scroll            |     4 |     4 |     5 |       ||    13
       Potion            |       |     1 |     1 |       ||     2
Armor: Scale mail        |    57 |    23 |       |       ||    80
       Plate armour      |       |    31 |   200 |   192 ||   423
Dodge: Dodged            |    45 |    36 |   100 |    81 ||   262
Block: Buckler           |    31 |    34 |   149 |   154 ||   368

Table legend: (Time is in decaauts)
 A = Elapsed time spent in this place.
 B = Non-inter-level travel time spent in this place.
 C = Inter-level travel time spent in this place.
 D = Time resting spent in this place.
 E = Time spent auto-exploring this place.
 F = Levels seen in this place.
 G = Mean time per level.
                   A        B        C        D        E       F      G
               +--------+--------+--------+--------+--------+-----+--------+
         Total |   8977 |   8301 |    676 |    543 |   6088 |   8 | 1122.1 |
       Dungeon |   8977 |   8301 |    676 |    543 |   6088 |   8 | 1122.1 |
               +--------+--------+--------+--------+--------+-----+--------+

Top non-repeatable levels by time:
     D:7: 2404 daAuts
     D:6: 1189 daAuts
     D:5: 1152 daAuts
     D:3: 1133 daAuts
     D:4: 1107 daAuts
     D:1: 995 daAuts
     D:2: 940 daAuts
     D:8: 53 daAuts
